 Dungeon Crawl Stone Soup version 0.27-a0-1188-g73eefd5def (webtiles) character file.

Game seed: 9345260779134844606

853 st0uf the Chopper (level 8, -4/49 HPs)
             Began as a Gargoyle Fighter on May 20, 2021.
             Slain by a yak (6 damage)
             ... on level 6 of the Dungeon.
             The game lasted 00:09:02 (5534 turns).

st0uf the Chopper (Gargoyle Fighter)                Turns: 5534, Time: 00:09:03

Health: -4/49      AC: 15    Str: 22    XL:     8   Next: 1%
Magic:  8/8        EV:  8    Int:  9    God:
Gold:   262        SH: 10    Dex:  9    Spells: 7/7 levels left

rFire    . . .     SeeInvis .   a - +0 war axe
rCold    . . .     Faith    .   c - +0 kite shield
rNeg     + . .     Spirit   .   b - +0 scale mail
rPois    ∞         Reflect  .   (no helmet)
rElec    +         Harm     .   (no cloak)
rCorr    .         Rampage  .   s - +0 pair of gloves
Will     .....                  t - +0 pair of boots
Stlth    ..........             (no amulet)
HPRegen  0.16/turn              (no ring)
MPRegen  0.11/turn              (no ring)

@: no status effects
A: sickness immunity, AC +5, negative energy resistance 1, electricity
resistance, torment resistance 1, petrification resistance
a: no special abilities


You were on level 6 of the Dungeon.
You visited 1 branch of the dungeon, and saw 6 of its levels.

You collected 262 gold pieces.

Inventory:

Hand Weapons
 a - a +0 war axe (weapon)
Missiles
 m - 3 atropa-tipped darts (quivered)
Armour
 b - a +0 scale mail (worn)
 c - a +0 kite shield (worn)
 s - a +0 pair of gloves (worn)
 t - a +0 pair of boots (worn)
Jewellery
 f - a ring of ice
 r - an amulet of the acrobat
Wands
 q - a wand of digging (2)
Scrolls
 h - 2 scrolls of teleportation {unknown}
 i - 2 scrolls of enchant armour {unknown}
 j - 5 scrolls of identify {unknown}
 n - a scroll of magic mapping {unknown}
 v - 2 scrolls of noise {unknown}
Potions
 d - a potion of might
 e - 2 potions of curing {unknown}
 g - a potion of cancellation {unknown}
 k - 3 potions of flight {unknown}
 l - a potion of invisibility {unknown}
 o - a potion of heal wounds {unknown}
 p - 2 potions of brilliance {unknown}
 u - a potion of haste


   Skills:
 + Level 5.0 Fighting
 + Level 5.4 Axes
 + Level 0.4 Throwing
 + Level 5.2 Armour
 + Level 0.9 Stealth
 + Level 5.4 Shields


You had 7 spell levels left.
You didn't know any spells.
Your spell library contained the following spells:

 Spells                   Type           Power      Damage    Failure   Level
 Summon Small Mammal      Summ           0%         N/A       98%         1
 Call Imp                 Summ           0%         N/A       99%         2
 Call Canine Familiar     Summ           0%         N/A       100%        3
 Summon Guardian Golem    Hex/Summ       0%         N/A       100%        3
 Summon Ice Beast         Ice/Summ       0%         N/A       100%        4
 Summon Lightning Spire   Summ/Air       0%         N/A       100%        4


Dungeon Overview and Level Annotations

Branches:
Dungeon (6/15)
 Temple: D:4-7

Altars:
Fedhas
Hepliaklqana
Ru
Trog
Xom

Annotations:
D:5 Dowan, Duvessa


Innate Abilities, Weirdness & Mutations

You are immune to sickness and miasma.
Your stone body is resilient. (AC +5)
You are immune to poison.
You resist negative energy. (rN+)
You are resistant to electric shocks. (rElec)
You are resistant to unholy torment.
You are immune to petrification.


Message History

The yak barely misses you.
There is a stone staircase leading down here.
You climb downwards.
Found 8 gold pieces.
There is a stone staircase leading up here.
You start resting.
HP restored.
You climb upwards.
Level annotation: Dowan, Duvessa The yak gores you but does no damage. x2
There is a stone staircase leading down here.
You slash the yak!
The yak is moderately wounded.
You hit the yak. The yak gores you! You block the yak's attack.
You slash the yak!
The yak is heavily wounded.
You closely miss the yak. The yak gores you but does no damage.
You block the yak's attack. The yak gores you but does no damage.
The yak gores you!
You closely miss the yak.
The yak is heavily wounded.
You barely miss the yak. The yak gores you. The yak gores you!
You completely miss the yak.
The yak is heavily wounded.
You barely miss the yak. The yak gores you.
The yak gores you but does no damage. x2
You hit the yak.
The yak is heavily wounded.
You completely miss the yak. The yak barely misses you.
You block the yak's attack. The yak gores you!
* * * LOW HITPOINT WARNING * * *
The yak gores you!
* * * LOW HITPOINT WARNING * * *
The yak closely misses you.
You climb downwards.
There is a stone staircase leading up here.
You slash the yak!
The yak is severely wounded.
You closely miss the yak. You block the yak's attack. The yak gores you.
You die...

#######
##......#
##........
#.........
#.........
#.........
#.Y.......
#Y@.$.....
##........
.........
#.........
#.........
#.........
#.........
##........


You could see 2 yaks.

Vanquished Creatures
  A yak (D:5)
  Edmund (D:5)
  An ice beast (D:5)
  An ogre (D:5)
  A phantom (D:4)
  A scorpion (D:4)
  A centaur zombie (D:4)
  A jelly (D:5)
  Natasha (thrice) (D:3)
  6 adders
  3 worms (D:3)
  3 dart slugs
  5 orcs
  13 ball pythons
  11 endoplasms
  3 giant cockroaches
  9 goblins
  5 hobgoblins
  4 quokkas
  11 bats
  5 frilled lizards
  6 kobolds
  7 rats
102 creatures vanquished.

Vanquished Creatures (others)
  4 plants (D:2)
4 creatures vanquished.

Grand Total: 106 creatures vanquished

Notes
Turn   | Place    | Note
-------+----------+-------------------------------------------
     0 | D:1      | st0uf the Gargoyle Fighter began the quest for the Orb.
     0 | D:1      | Reached XP level 1. HP: 14/14 MP: 1/1
   233 | D:1      | Reached XP level 2. HP: 15/19 MP: 2/2
   849 | D:1      | Reached XP level 3. HP: 23/23 MP: 3/3
  1920 | D:2      | Reached XP level 4. HP: 8/28 MP: 4/4
  3105 | D:3      | Reached XP level 5. HP: 30/33 MP: 5/5
  3379 | D:3      | Found a shimmering altar of Xom.
  3382 | D:3      | Found a sacrificial altar of Ru.
  3386 | D:3      | Found a blossoming altar of Fedhas.
  3415 | D:3      | Found a faded altar of an unknown god.
  3416 | D:3      | Noticed Natasha
  3425 | D:3      | Killed Natasha
  3552 | D:3      | Noticed Natasha
  3559 | D:3      | Killed Natasha
  3776 | D:3      | Noticed Natasha
  3786 | D:3      | Killed Natasha
  3874 | D:4      | Reached XP level 6. HP: 38/38 MP: 6/6
  4606 | D:4      | Found a hazy altar of Hepliaklqana.
  4609 | D:4      | Found a bloodstained altar of Trog.
  4643 | D:5      | Entered Level 5 of the Dungeon
  4679 | D:5      | Reached XP level 7. HP: 26/44 MP: 7/7
  4818 | D:5      | Reached skill level 5 in Shields
  4893 | D:5      | Noticed Edmund
  4913 | D:5      | Killed Edmund
  4914 | D:5      | Reached skill level 5 in Axes
  4914 | D:5      | Reached skill level 5 in Armour
  5361 | D:5      | Noticed a yak
  5361 | D:5      | Noticed a yak
  5361 | D:5      | Noticed a yak
  5362 | D:5      | Noticed Dowan
  5362 | D:5      | Noticed a yak
  5362 | D:5      | Noticed a yak
  5362 | D:5      | Noticed a yak
  5362 | D:5      | Noticed Duvessa
  5385 | D:5      | Killed a yak
  5386 | D:5      | Reached skill level 5 in Fighting
  5386 | D:5      | Reached XP level 8. HP: 26/49 MP: 8/8
  5532 | D:5      | HP: 1/49 [yak (8)]
  5534 | D:6      | Slain by a yak

Illustrated notes

Levels and vault maps discovered:
D:1:      minmay_arrival_five_plusses, layout_basic, minmay_vboxes
D:2:      cheibrodos_old_hovel, layout_loops_ring
D:3:      layout_rooms, minitemple, shapermc_ecumenical_altar_mp_highgroup,
          hangedman_decor_diamond_cutter, kennysheep_generic_room_14,
          uniq_natasha
D:4:      layout_rooms, amethyst_overflow_temple_binary
D:5:      layout_loops_ring, nicolae_wu_jian_immortal_techniques,
          evilmike_ruin_ashenzari, uniq_edmund, uniq_duvessa
D:6:      layout_rooms, minmay_temple_entry_drinking_statues, feat_on_display

Skill      XL: |  1  2  3  4  5  6  7 |
---------------+----------------------+-----
Axes           | 2 3 4 5 |  5.4
Shields        | 4 5 |  5.4
Armour         | 4 5 |  5.2
Fighting       | 4 5 |  5.0
Throwing       | |  0.4
Stealth        | |  0.9

Action                   |  1- 3 |  4- 6 |  7- 9 || total
-------------------------+-------+-------+-------++-------
Melee: War axe           |   217 |   212 |    56 ||   485
Throw: Dart              |       |     2 |     3 ||     5
 Stab: Invisible         |       |       |     1 ||     1
Armor: Scale mail        |   138 |   106 |    31 ||   275
Dodge: Dodged            |    96 |    65 |    22 ||   183
Block: Kite shield       |   134 |   108 |    31 ||   273

Table legend: (Time is in decaauts)
 A = Elapsed time spent in this place.
 B = Non-inter-level travel time spent in this place.
 C = Inter-level travel time spent in this place.
 D = Time resting spent in this place.
 E = Time spent auto-exploring this place.
 F = Levels seen in this place.
 G = Mean time per level.
                   A        B        C        D        E       F      G
               +--------+--------+--------+--------+--------+-----+--------+
         Total |   5815 |   5526 |    289 |   1193 |   3066 |   6 |  969.2 |
       Dungeon |   5815 |   5526 |    289 |   1193 |   3066 |   6 |  969.2 |
               +--------+--------+--------+--------+--------+-----+--------+

Top non-repeatable levels by time:
     D:1: 1858 daAuts
     D:3: 1156 daAuts
     D:2: 1072 daAuts
     D:4: 871 daAuts
     D:5: 736 daAuts
     D:6: 121 daAuts
